 Dungeon Crawl Stone Soup version 0.18-a0-1794-g139b600 (webtiles) character file.

482 Etesian the Conjurer (level 6, -3/32 HPs)
             Began as a Deep Elf Conjurer on Apr 22, 2016.
             Killed by divine providence
             ... invoked by an orc priest
              (11 damage)
             ... on level 4 of the Dungeon.
             The game lasted 00:10:18 (3595 turns).

Etesian the Conjurer (Deep Elf Conjurer)            Turns: 3595, Time: 00:10:19

Health: -3/32      AC:  5    Str:  5    XL:     6   Next: 87%
Magic:  9/16       EV: 14    Int: 22    God:
Gold:   166        SH:  0    Dex: 15    Spells: 4 memorised, 4 levels left

rFire  . . .     SeeInvis .     a - staff of energy
rCold  . . .     Gourm    .     d - +1 robe
rNeg   . . .     Faith    .     (no shield)
rPois  .         Spirit   .     (no helmet)
rElec  .         Dismiss  .     e - +1 cloak
rCorr  .         Reflect  .     (no gloves)
SustAt .         Harm     .     (no boots)
MR     .....     Rnd*Tele +     (no amulet)
Stlth  ++........               (no ring)
                                i - ring of teleportation (curse)

@: not resistant to hostile enchantments, unstealthy
A: no striking features
a: no special abilities


You were on level 4 of the Dungeon.
You were not hungry.

You visited 1 branch of the dungeon, and saw 4 of its levels.

You collected 166 gold pieces.

Inventory:

Hand Weapons
 b - a +3 mace of holy wrath
Armour
 d - a +1 robe (worn)
 e - a +1 cloak (worn)
Magical Staves
 a - an uncursed staff of energy (weapon)
Jewellery
 i - a cursed ring of teleportation (left hand)
Scrolls
 g - 2 scrolls of identify
 m - a scroll of remove curse {unknown}
Potions
 f - a potion of cure mutation {unknown}
 h - 4 potions of curing
 j - 2 potions of heal wounds
 n - a potion of agility
 q - a potion of cancellation
Books
 p - a Fen Folio

   Spells                             Type                      Level
   a - Corpse Rot                     Necromancy                   2
   b - Stone Arrow                    Conjuration/Earth            3
   c - Leda's Liquefaction            Hexes/Earth                  4
   d - Summon Forest                  Summoning/Translocation      5
   e - Hydra Form                     Transmutation                6
   f - Summon Hydra                   Summoning                    7
 r - a book of Conjurations

   Spells                             Type                      Level
   a - Magic Dart                     Conjuration                  1
   b - Searing Ray                    Conjuration                  2
   c - Dazzling Spray                 Conjuration/Hexes            3
   d - Fulminant Prism                Conjuration/Hexes            4
   e - Iskenderun's Mystic Blast      Conjuration                  4
   f - Iskenderun's Battlesphere      Conjuration/Charms           5
Comestibles
 c - 4 bread rations
 k - 5 meat rations
 l - a royal jelly
 o - a chunk of flesh


   Skills:
 + Level 4.8 Dodging
 - Level 2.4 Stealth
 + Level 5.5 Spellcasting
 * Level 6.7 Conjurations
 * Level 2.6 Charms


You had 4 spell levels left.
You knew the following spells:

 Your Spells              Type           Power        Failure   Level  Hunger
a - Magic Dart            Conj           ####         1%          1    None
b - Searing Ray           Conj           #####.       1%          2    None
c - Iskenderun's Mystic   Conj           #####...     8%          4    None
d - Iskenderun's Battles  Conj/Chrm      ####....     38%         5    None


Dungeon Overview and Level Annotations

Branches:
Dungeon (4/15)
 Temple: D:4-7

Altars:
Ashenzari
Cheibriados
Dithmenos
Elyvilon
Yredelemnul
Zin


Message History

Unknown command.
Casting: Iskenderun's Mystic Blast
Confirm with . or Enter, or press ? or * to list all spells.
Aiming: Searing Ray
Press: ? - help, Shift-Dir - straight line, f - orc wizard
Aim: an orc wizard, wielding a dagger and wearing a robe (resting)
The searing ray hits the orc priest.
The orc priest is moderately wounded.
The orc priest mumbles some strange prayers to Beogh against you.
Beogh smites you!
The orc shouts!
You take 15 damage, and have 17/32 hp.
MASSIVE DAMAGE!!
You now have 10/16 mp.
The searing ray hits the orc priest.
The orc priest is severely wounded.
The orc wizard gestures at you while chanting.
The puff of flame hits you!
* * * LOW HITPOINT WARNING * * *
The orc priest calls down the wrath of Beogh upon you.
Beogh smites you!
You die...

.. .....# ..
......### #.
........###### #.
....$........ #.
............ #.
#...o...# #. #......#
#..## #. #..o.@#
#...## ##. #..o.##
#....## #.. #..o.#
##.....###.. ......
#.......#... .....
##........... #....
#.....#...... ###..#
##............ #...#
##.............
#...###........##....


You could see an orc priest, an orc wizard and 2 orcs.

Vanquished Creatures
  The ghost of Blackbelt the Covert, an amateur VSAs (D:4)
  A phantom (D:4)
  A wasp (D:4)
  2 worker ants (D:4)
  5 adders
  An ooze (D:1)
  An adder skeleton (D:4)
  2 worms
  A dart slug (D:1)
  5 orcs
  A ball python (D:2)
  4 giant cockroaches
  10 goblins
  4 hobgoblins
  3 kobolds
  A quokka (D:4)
  6 bats
  4 giant newts
  9 rats
62 creatures vanquished.

Notes
Turn   | Place    | Note
--------------------------------------------------------------
     0 | D:1      | Etesian the Deep Elf Conjurer began the quest for the Orb.
     0 | D:1      | Reached XP level 1. HP: 10/10 MP: 6/6
   356 | D:1      | Reached XP level 2. HP: 14/15 MP: 6/8
   360 | D:1      | Learned a level 2 spell: Searing Ray
  1100 | D:2      | Reached skill level 5 in Conjurations
  1100 | D:2      | Reached XP level 3. HP: 19/19 MP: 6/10
  1643 | D:3      | Found a snail-covered altar of Cheibriados.
  1651 | D:3      | Found a glowing silver altar of Zin.
  1651 | D:3      | Found a white marble altar of Elyvilon.
  1651 | D:3      | Found a shadowy altar of Dithmenos.
  1818 | D:3      | Reached XP level 4. HP: 24/24 MP: 10/12
  2269 | D:3      | Learned a level 4 spell: Iskenderun's Mystic Blast
  2799 | D:4      | Noticed a phantom
  2809 | D:4      | Killed a phantom
  2809 | D:4      | Reached XP level 5. HP: 28/28 MP: 0/14
  2927 | D:4      | Reached skill level 6 in Conjurations
  2990 | D:4      | Noticed Blackbelt's ghost (amateur VSAs)
  3187 | D:4      | Found a shattered altar of Ashenzari.
  3233 | D:4      | Found a basalt altar of Yredelemnul.
  3265 | D:4      | Noticed a wasp
  3268 | D:4      | Killed a wasp
  3268 | D:4      | Reached skill level 5 in Spellcasting
  3268 | D:4      | Reached XP level 6. HP: 32/32 MP: 0/15
  3307 | D:3      | Learned a level 5 spell: Iskenderun's Battlesphere
  3488 | D:4      | Reached skill level 1 in Charms
  3558 | D:4      | Killed Blackbelt's ghost
  3595 | D:4      | Killed from afar by an orc priest

Vault maps used:
D:1:      erik_arrival_blinker_ship, minmay_misc_feat_tiny
D:3:      grunt_temple_overflow_open
D:4:      fiery_altar_vehumet, evilmike_ruin_ashenzari,
          yredelemnul_altar_generic

Skill      XL: |  1  2  3  4  5  6 |
---------------+-------------------+-----
Dodging        | 3 4 |  4.8
Conjurations   | 5 6 |  6.7
Spellcasting   | 4 5 |  5.5
Charms         | 2 |  2.6
Stealth        | |  2.4

Action                   |  1- 3 |  4- 6 || total
-------------------------+-------+-------++-------
Melee: Mace              |    24 |    11 ||    35
 Cast: Magic Dart        |    56 |    40 ||    96
       Searing Ray       |     4 |     8 ||    12
       Iskenderun's Myst |       |     8 ||     8
  Use: Scroll            |     1 |    10 ||    11
 Stab: Sleeping          |     2 |       ||     2
  Eat: Chunk             |     3 |     6 ||     9
Armor: Robe              |     6 |     6 ||    12
Dodge: Dodged            |    28 |     9 ||    37
